AoeStats
← BirdmanTim

Arabia

504128020Analyzed
1v1 RM · 29d ago on Sep 4, 2026· 50m 31s· 2 players
Game mode
Random Map
Map size
Tiny (2 player)
Population
200
Speed
Normal
Resources
Standard
Victory
Conquest
Starting age
Dark Age
Ending age
Imperial Age
RankedLock teamsTeams togetherTeam positionsShared explorationLock speedFull tech treeHidden civsTurbo modeCheats
Victory
Defeat
🇺🇸 Romans · United States
707
+17
🇦🇷 Goths · Argentina
728
-17
BirdmanTim
8:05 Loom
10:56 Feudal Age
11:11 Man-at-Arms
11:36 Horse Collar
11:44 Double-Bit Axe
12:44 Scale Mail Armor
16:13 Gold Mining
24:39 Castle Age
30:51 Long Swordsman
31:35 Husbandry
34:50 Wheelbarrow
35:47 Heavy Plow
36:05 Bow Saw
42:02 Imperial Age
40:55 Hand Cart
41:41 Crossbowman
43:16 Crop Rotation
43:38 Gold Shaft Mining
42:57 Stone Mining
43:20 Squires
44:28 Conscription
infolucianodelgado
11:19 Feudal Age
15:48 Loom
21:13 Castle Age
28:22 Fletching
28:34 Padded Archer Armor
31:28 Stone Mining
35:36 Gold Mining
41:02 Horse Collar
44:25 Anarchy
46:04 Double-Bit Axe
45:42 Pikeman
46:54 Squires
48:13 Heavy Plow
Connection lost

Rejoining the realm…

Still unreachable

The connection could not be restored.

Session expired

The server has moved on; the page needs a fresh start.